 Dungeon Crawl Stone Soup version 0.22-a0-315-ge0921bb (webtiles) character file.

7633 Firecrotchwizard the Grappler (level 10, -2/102 HPs)
             Began as a Troll Monk on Apr 2, 2018.
             Was a High Priest of Okawaru.
             Killed by divine providence
             ... invoked by an orc priest
              (13 damage)
             ... on level 10 of the Dungeon.
             The game lasted 00:13:32 (8564 turns).

Firecrotchwizard the Grappler (Troll Monk)          Turns: 8564, Time: 00:13:32

Health: -2/102     AC:  5    Str: 24    XL:     10   Next: 98%
Magic:  11/11      EV: 14    Int:  6    God:    Okawaru [*****.]
Gold:   447        SH:  0    Dex: 15    Spells: 9/9 levels left

rFire    . . .     SeeInvis .     - Unarmed
rCold    . . .     Gourm    +   (no shield)
rNeg     . . .     Faith    .   a - +0 robe
rPois    .         Spirit   .   (helmet restricted)
rElec    .         Reflect  .   (no cloak)
rCorr    .         Harm     .   (gloves unavailable)
MR       .....                  (boots unavailable)
Stlth    +++.......             (no amulet)
HPRegen  0.67/turn              w - +3 ring of strength
MPRegen  0.12/turn              s - ring of stealth {Stlth+}

@: no status effects
A: large, unfitting armour, claws 3, fast metabolism 3, gourmand, regeneration
1, shaggy fur 1, tough skin 2
a: Heroism, Finesse, Renounce Religion


You were on level 10 of the Dungeon.
You worshipped Okawaru.
Okawaru was extremely pleased with you.
You were very full.

You visited 1 branch of the dungeon, and saw 10 of its levels.

You collected 447 gold pieces.

Inventory:

Hand Weapons
 p - a +0 hand axe of flaming
   (You took it off an orc warrior on level 9 of the Dungeon)
 B - the +7 Singing Sword
   (You found it on level 7 of the Dungeon)
 E - a +3 shortbow
   (You took it off a centaur on level 8 of the Dungeon)
Armour
 a - a +0 robe (worn)
 I - a +0 shield of positive energy
   (Okawaru gifted it to you on level 9 of the Dungeon)
Magical Staves
 A - an uncursed staff of power {unknown}
   (You found it on level 7 of the Dungeon)
Jewellery
 l - an uncursed ring of fire {rF+, rC-}
   (You found it on level 2 of the Dungeon)
 s - a ring of stealth (right claw) {Stlth+}
   (You found it on level 2 of the Dungeon)
 w - a +3 ring of strength (left claw)
   (You found it on level 4 of the Dungeon)
 F - an uncursed ring of stealth {Stlth+}
   (You found it on level 8 of the Dungeon)
Wands
 n - a wand of paralysis (15)
   (You found it on level 4 of the Dungeon)
 v - a wand of random effects (32)
   (You found it on level 4 of the Dungeon)
 J - a wand of digging (12)
   (You found it on level 9 of the Dungeon)
Scrolls
 c - 6 scrolls of teleportation
 d - 4 scrolls of remove curse
 e - a scroll of random uselessness
 k - 4 scrolls of identify
 m - 4 scrolls of magic mapping {!r}
 t - 2 scrolls of fog
 x - a scroll of amnesia {unknown}
 y - a scroll of torment {unknown}
 C - a scroll of summoning {unknown}
 D - a scroll of enchant weapon {unknown}
Potions
 f - a potion of lignification {unknown}
 g - 2 potions of haste
 h - a potion of berserk rage {unknown}
 i - a potion of resistance {unknown}
 j - a potion of agility {unknown}
 o - 3 potions of curing
 q - a potion of flight {unknown}
 r - a potion of might {unknown}
 u - a potion of brilliance {unknown}
 z - 2 potions of mutation {unknown}
 H - a potion of cancellation {unknown}
Comestibles
 b - 20 rations {@e1}
 G - 5 chunks of flesh {@w0}


   Skills:
 + Level 7.1 Fighting
 + Level 3.5 Armour
 - Level 7.0 Dodging
 - Level 1.0 Stealth
 * Level 11.6 Unarmed Combat
 + Level 3.3 Invocations


You had 9 spell levels left.
You didn't know any spells.

Dungeon Overview and Level Annotations

Branches:
Dungeon (10/15)            Temple (0/1) D:6
   Lair: D:8-11         Orc: D:9-12

Altars:
Dithmenos
Fedhas
Kikubaaqudgha
Okawaru
Ru
Wu Jian
Zin

Annotations:
D:2 1 runed door


Innate Abilities, Weirdness & Mutations

You are too large for most types of armour.
You have claws for hands.
Your metabolism is lightning-fast.
You like to eat raw meat.
Your natural rate of healing is unusually fast.
You are covered in fur. (AC +1)
You have very tough skin. (AC +2)


Message History

You mangle the steam dragon!!
You kill the steam dragon!
Okawaru accepts your kill.
The steam dragon scales are intact enough to wear.
You hear a howl!
The gnoll hits you from afar with a halberd!
You hear a howl! x3
You take 6 damage, and have 47/101 hp.
You mangle the wyvern zombie!! The wyvern zombie bites you.
The gnoll hits you but does no damage.
You take 1 damage, and have 46/101 hp.
You barely miss the wyvern zombie. The wyvern zombie bites you.
The gnoll hits you from afar with a halberd!
The gnoll closely misses you.
An orc comes into view. It is wielding a flail.
You take 14 damage, and have 32/101 hp.
You scratch the wyvern zombie. The wyvern zombie bites you.
* * * LOW HITPOINT WARNING * * *
You take 5 damage, and have 27/101 hp.
The orc moves out of view.
The orc wizard gestures wildly while chanting.
The orc wizard flickers and vanishes!
Deactivating autopickup; reactivate with Ctrl-A.
The wyvern zombie closely misses you.
The orc priest looks satisfied for a moment.
The gnoll barely misses you.
You scratch the gnoll.
You kill the gnoll!
Okawaru accepts your kill.
You scratch the wyvern zombie. The wyvern zombie bites you!
* * * LOW HITPOINT WARNING * * *
You take 9 damage, and have 21/101 hp.
You eviscerate the wyvern zombie!!!
You destroy the wyvern zombie!
Okawaru accepts your kill.
A magic dart appears from out of thin air!
The magic dart hits you!
* * * LOW HITPOINT WARNING * * *
You take 4 damage, and have 17/101 hp.
A wolf comes into view.
The wolf howls!
You hear a howl!
You hear a shout!
A wolf comes into view.
MP restored: 11 You feel better.
You regained 11 hp, and now have 29/102 hp.
You feel better.
You feel like a meek peon again.
A magic dart appears from out of thin air!
The magic dart hits you!
You regained 4 hp, and now have 33/102 hp.
You mangle the gnoll!!
You kill the gnoll!
Okawaru accepts your kill. The wolf misses you.
You scratch the wolf. The wolf barely misses you.
You miss the wolf. The wolf bites you.
* * * LOW HITPOINT WARNING * * *
Something hits you but does no damage.
You take 6 damage, and have 28/102 hp.
You scratch the wolf. The wolf bites you!
* * * LOW HITPOINT WARNING * * *
The wolf bites you.
* * * LOW HITPOINT WARNING * * *
An orc comes into view. It is wielding a trident.
You take 14 damage, and have 14/102 hp.
You miss the wolf.
The orc shouts!
You hear a shout!
Something hits you.
* * * LOW HITPOINT WARNING * * *
The wolf closely misses you.
You take 2 damage, and have 12/102 hp.
You feel better. The wolf barely misses you. Something hits you.
* * * LOW HITPOINT WARNING * * *
The wolf misses you.
An orc comes into view. It is wielding a short sword.
You regained 5 hp, and now have 17/102 hp.
You feel better. The wolf bites you!
* * * LOW HITPOINT WARNING * * *
Something hits you.
* * * LOW HITPOINT WARNING * * *
The orc closely misses you.
The orc moves out of view.
A jackal comes into view.
You take 1 damage, and have 16/102 hp.
You feel better. The wolf barely misses you. Something hits you.
* * * LOW HITPOINT WARNING * * *
The wolf bites you.
* * * LOW HITPOINT WARNING * * *
The orc priest looks satisfied for a moment.
The orc completely misses you.
You regained 6 hp, and now have 22/102 hp.
The jackal barks!
The wolf howls!
You mangle something!! Okawaru accepts your kill.
Reactivating autopickup.
You feel a bit more experienced. The wolf bites you!
* * * LOW HITPOINT WARNING * * *
The wolf barely misses you.
The orc priest calls down the wrath of Beogh upon you.
Beogh smites you!
You die...

...###..... ##...........
###............
##..............
###...............
#..................
#.....#.........o........
................@)o.h....
..........##.####h.......
............oo){.o.......
........####.g####....##.
.....##.####..# h..##
..............####).##
............†[#§.g..##
.......##....o(§.o...#
.###..####.(..o.§##......


You could see 2 wolves, an orc priest, 2 orcs and a jackal.

Vanquished Creatures
  2 two-headed ogres
  The ghost of silt the Grappler, a novice TrMo of Cheibriados (D:8)
  A troll (D:9)
  A spriggan (D:8)
  3 yaks (D:9)
  2 wyverns
  Eustachio (D:4)
  A steam dragon (D:10)
  A basilisk (D:9)
  4 black bears
  3 ice beasts
  3 necrophages
  2 sky beasts (D:5)
  4 orc warriors
  A phantom (D:4)
  4 ogres
  A centaur (D:8)
  5 bullfrogs
  A gnoll sergeant (D:10)
  A wyvern zombie (D:10)
  A wyvern skeleton (D:6)
  5 scorpions (D:7)
  A howler monkey (D:4)
  3 crimson imps
  6 hounds
  A bullfrog skeleton (D:6)
  7 orc priests
  A gnoll shaman (D:10)
  2 jellies
  10 orc wizards
  Jessica (D:2)
  2 centaur skeletons
  3 iguanas
  8 worker ants
  A killer bee zombie (D:6)
  A hound skeleton (D:4)
  A howler monkey zombie (D:8)
  A worker ant zombie (D:6)
  11 gnolls
  12 adders
  A shadow imp (D:6)
  An ooze (D:3)
  An adder skeleton (D:7)
  3 adder zombies
  2 worms
  A dart slug (D:1)
  3 leopard geckos
  30 orcs
  18 bats
  3 giant cockroaches
  11 goblins
  8 hobgoblins
  5 jackals
  4 quokkas
  A ball python (D:5)
  8 frilled lizards
  A jackal skeleton (D:7)
  9 kobolds
  A leopard gecko zombie (D:5)
  7 rats
  A fungus (D:2)
239 creatures vanquished.

Vanquished Creatures (others)
  A jelly (D:10)
  A jackal (D:10)
  5 fungi (D:7)
7 creatures vanquished.

Grand Total: 246 creatures vanquished

Notes
Turn   | Place    | Note
-------+----------+-------------------------------------------
     0 | D:1      | Firecrotchwizard the Troll Monk began the quest for the Orb.
     0 | D:1      | Reached XP level 1. HP: 22/22 MP: 0/0
   145 | D:1      | Reached XP level 2. HP: 27/29 MP: 1/1
   744 | D:2      | Reached XP level 3. HP: 36/36 MP: 2/2
   946 | D:2      | Reached skill level 4 in Unarmed Combat
  1056 | D:2      | Reached XP level 4. HP: 44/44 MP: 3/3
  1082 | D:2      | Found an iron altar of Okawaru.
  1100 | D:2      | Became a worshipper of Warmaster Okawaru
  1100 | D:2      | Reached * piety under Okawaru
  1100 | D:2      | Reached ** piety under Okawaru
  1325 | D:2      | Reached skill level 3 in Dodging
  1407 | D:2      | Noticed Jessica
  1412 | D:2      | Killed Jessica
  1412 | D:2      | Reached skill level 3 in Fighting
  1904 | D:2      | Found a runed door.
  1937 | D:3      | Noticed a bullfrog
  1944 | D:3      | Killed a bullfrog
  1944 | D:3      | Reached XP level 5. HP: 28/53 MP: 4/4
  2177 | D:3      | Reached skill level 5 in Unarmed Combat
  2216 | D:3      | Reached XP level 6. HP: 37/61 MP: 5/5
  2974 | D:4      | Reached *** piety under Okawaru
  3190 | D:4      | Noticed Eustachio
  3204 | D:4      | Killed Eustachio
  3204 | D:4      | Reached skill level 4 in Dodging
  3204 | D:4      | Reached skill level 6 in Unarmed Combat
  3204 | D:4      | Reached XP level 7. HP: 44/68 MP: 6/6
  3310 | D:4      | Reached skill level 4 in Fighting
  3446 | D:5      | Entered Level 5 of the Dungeon
  3743 | D:5      | Reached skill level 7 in Unarmed Combat
  3846 | D:5      | Found an ancient bone altar of Kikubaaqudgha.
  3984 | D:5      | Reached XP level 8. HP: 40/79 MP: 7/7
  4779 | D:6      | Reached **** piety under Okawaru
  4779 | D:6      | Reached skill level 8 in Unarmed Combat
  4804 | D:6      | Found a blossoming altar of Fedhas.
  4805 | D:6      | Reached skill level 5 in Dodging
  4813 | D:6      | Reached skill level 5 in Fighting
  4828 | D:6      | HP: 20/80 [shadow imp (1)]
  4833 | D:6      | HP: 14/80 [poisoned by a worker ant]
  4838 | D:6      | HP: 13/80 [poisoned by a worker ant]
  4844 | D:6      | HP: 14/80 [poisoned by a worker ant]
  4850 | D:6      | HP: 16/80 [poisoned by a worker ant]
  4858 | D:6      | HP: 19/80 [poisoned by a worker ant]
  4996 | D:6      | Found a staircase to the Ecumenical Temple.
  5368 | D:6      | Reached XP level 9. HP: 86/88 MP: 8/8
  5468 | D:6      | Reached skill level 9 in Unarmed Combat
  5626 | D:7      | Found an ornate altar of the Wu Jian Council.
  5722 | D:7      | Found a sacrificial altar of Ru.
  6102 | D:7      | Reached ***** piety under Okawaru
  6300 | D:7      | Reached skill level 6 in Dodging
  6319 | D:7      | Found the +7 Singing Sword
  6573 | D:8      | Noticed silt's ghost (novice TrMo)
  6584 | D:8      | Killed silt's ghost
  6584 | D:8      | Reached skill level 6 in Fighting
  6584 | D:8      | Reached skill level 1 in Armour
  6584 | D:8      | Reached skill level 10 in Unarmed Combat
  6686 | D:8      | Noticed a two-headed ogre
  6687 | D:8      | Found a glowing silver altar of Zin.
  6692 | D:8      | Killed a two-headed ogre
  6692 | D:8      | Reached skill level 2 in Armour
  6692 | D:8      | Reached skill level 1 in Invocations
  6692 | D:8      | Reached XP level 10. HP: 88/100 MP: 6/9
  7417 | D:9      | Reached skill level 2 in Invocations
  7427 | D:9      | Reached skill level 11 in Unarmed Combat
  8018 | D:9      | Found a shadowy altar of Dithmenos.
  8025 | D:9      | Noticed a two-headed ogre
  8036 | D:9      | Killed a two-headed ogre
  8036 | D:9      | Received a gift from Okawaru
  8036 | D:9      | Reached skill level 7 in Fighting
  8036 | D:9      | Reached skill level 3 in Armour
  8044 | D:9      | Reached skill level 7 in Dodging
  8044 | D:9      | Reached skill level 3 in Invocations
  8336 | D:10     | Entered Level 10 of the Dungeon
  8549 | D:10     | HP: 21/101 [wyvern zombie (10)]
  8559 | D:10     | HP: 18/102 [wolf[Grum] (11)]
  8564 | D:10     | HP: 11/102 [wolf[Grum] (12)]
  8564 | D:10     | Killed from afar by an orc priest

Vault maps used:
D:1:      minmay_arrival_nine_rooms, minmay_misc_feat_plants,
          hangedman_decor_opposing
D:2:      first_ration, grunt_ministairs_15, kennysheep_okawaru_gauntlet,
          uniq_crazy_yiuf_cottage, uniq_jessica
D:4:      uniq_eustachio
D:5:      basic_altar
D:6:      nicolae_overflow_crystal_walls, minmay_temple_entry_fiery
D:7:      old_forge, nicolae_ru_path_of_blood, basic_altar
D:8:      old_standard_altar, hangedman_decor_diamond_cutter, the_bakery
D:9:      lemuel_doored_altar
D:10:     orc_0_dummy, serial_gnoll_camp, gnoll_camp_huts_basic,
          gnoll_camp_mini_sergeant, gnoll_camp_mini_basic, gnoll_camp_mini_hut,
          gnoll_camp_mini_hut, gnoll_camp_mini_shop, uniq_grum

Skill      XL: |  1  2  3  4  5  6  7  8  9 10 |
---------------+-------------------------------+-----
Unarmed Combat | 4 5 6 7 8 10 11 | 11.6
Dodging        | 3 4 5 6 7 |  7.0
Fighting       | 3 4 5 6 7 |  7.1
Armour         | 2 3 |  3.5
Invocations    | 1 3 |  3.3
Stealth        | |  1.0

Action                   |  1- 3 |  4- 6 |  7- 9 | 10-12 || total
-------------------------+-------+-------+-------+-------++-------
Melee: Unarmed           |    88 |   129 |   261 |   175 ||   653
       Punch             |       |     3 |    14 |     9 ||    26
Throw: Stone             |       |    58 |       |       ||    58
Invok: Heroism           |       |       |     3 |     4 ||     7
  Use: Scroll            |       |       |     8 |       ||     8
       Potion            |       |       |       |     5 ||     5
 Stab: Sleeping          |     1 |     2 |    14 |     4 ||    21
  Eat: Chunk             |    15 |    19 |    33 |    16 ||    83
Armor: Robe              |    40 |    46 |    52 |    21 ||   159
Dodge: Dodged            |    55 |    84 |   155 |   109 ||   403

Table legend:
 A = Spawn XP
 B = Non-spawn XP
 C = Spawn XP percentage of total XP
 D = Spawn monster count
 E = Non-spawn monster count
 F = Spawn count percentage of total count
 G = Total turns spent on level
                    A         B        C        D         E        F      G
               +---------+---------+-------+---------+---------+-------+---------
         Total |       0 |   10905 |   0.0 |       0 |     238 |   0.0 |  8564
               +---------+---------+-------+---------+---------+-------+---------
           D:1 |       0 |      36 |   0.0 |       0 |      24 |   0.0 |   738
           D:2 |       0 |     127 |   0.0 |       0 |      26 |   0.0 |  1199
           D:3 |       0 |     286 |   0.0 |       0 |      28 |   0.0 |   792
           D:4 |       0 |     422 |   0.0 |       0 |       7 |   0.0 |   717
           D:5 |       0 |     857 |   0.0 |       0 |      23 |   0.0 |  1202
           D:6 |       0 |    1326 |   0.0 |       0 |      25 |   0.0 |   978
           D:7 |       0 |     965 |   0.0 |       0 |      32 |   0.0 |   840
           D:8 |       0 |    2578 |   0.0 |       0 |      21 |   0.0 |   669
           D:9 |       0 |    3260 |   0.0 |       0 |      33 |   0.0 |  1201
          D:10 |       0 |    1048 |   0.0 |       0 |      19 |   0.0 |   228
               +---------+---------+-------+---------+---------+-------+---------

Vault maps used:
D:1:      minmay_arrival_nine_rooms, minmay_misc_feat_plants,
          hangedman_decor_opposing
D:2:      first_ration, grunt_ministairs_15, kennysheep_okawaru_gauntlet,
          uniq_crazy_yiuf_cottage, uniq_jessica
D:4:      uniq_eustachio
D:5:      basic_altar
D:6:      nicolae_overflow_crystal_walls, minmay_temple_entry_fiery
D:7:      old_forge, nicolae_ru_path_of_blood, basic_altar
D:8:      old_standard_altar, hangedman_decor_diamond_cutter, the_bakery
D:9:      lemuel_doored_altar
D:10:     orc_0_dummy, serial_gnoll_camp, gnoll_camp_huts_basic,
          gnoll_camp_mini_sergeant, gnoll_camp_mini_basic, gnoll_camp_mini_hut,
          gnoll_camp_mini_hut, gnoll_camp_mini_shop, uniq_grum

Table legend:
 A = Turns spent in this place as a percentage of turns spent in the entire game.
 B = Non-inter-level travel turns spent in this place as a percentage of non-inter-level travel turns spent in the entire game.
 C = Inter-level travel turns spent in this place as a percentage of turns spent in this place.
 D = Turns resting spent in this place as a percentage of non-inter-level travel turns spent in this place.
 E = Turns spent auto-exploring this place as a percentage of non-inter-level travel turns spent in this place.
 F = Non-inter-level travel turns spent in this place divided by the number of levels of this place that you've seen.
                   A       B       C       D       E      F
               +-------+-------+-------+-------+-------+----------------------
         Total | 100.0 | 100.0 |   2.8 |  14.0 |  67.5 | 832.5
       Dungeon | 100.0 | 100.0 |   2.8 |  14.0 |  67.5 | 832.5
               +-------+-------+-------+-------+-------+----------------------

Table legend:
 A = Kills in this place as a percentage of kills in entire the game.
 B = Kills by you in this place as a percentage of kills by you in the entire game.
 C = Kills by friends in this place as a percentage of kills by friends in the entire game.
 D = Other kills in this place as a percentage of other kills in the entire game.
 E = Experience gained in this place as a percentage of experience gained in the entire game.
 F = Experience gained in this place divided by the number of levels of this place that you have seen.
                   A       B       C       D       E      F
               +-------+-------+-------+-------+-------+----------------------
         Total | 100.0 | 100.0 |   N/A |   N/A | 100.0 | 1090.5
       Dungeon | 100.0 | 100.0 |   N/A |   N/A | 100.0 | 1090.5
               +-------+-------+-------+-------+-------+----------------------
